 Dungeon Crawl Stone Soup version 0.31-a0-981-geadf994542 (webtiles) character file.

Game seed: 1534484644175458366

307684 ang3lsp1der the Earth Mage (level 20, -6/174 HPs)
             Began as a Grey Draconian Brigand on Oct 27, 2023.
             Was a Priest of Ashenzari.
             Killed from afar by Margery (72 damage)
             ... with a bolt of fire
             ... on level 2 of the Vaults on Oct 31, 2023.
             The game lasted 06:21:07 (85116 turns).

ang3lsp1der the Earth Mage (DrBr)                  Turns: 85116, Time: 06:21:08

Health: -6/174     AC: 19    Str: 15    XL:     20   Next: 33%
Magic:  4/36       EV: 10    Int: 17    God:    Ashenzari [***...]
Gold:   2325       SH: 15    Dex: 15    Spells: 13/43 levels left

rFire   . . .        a - staff of earth
rCold   + . .        x - +0 kite shield {reflect}
rNeg    . . .        (body armour unavailable)
rPois   .            (helmet restricted)
rElec   .            o - +1 cloak of the Tethered Regret {Dev, Bglg} (curse)
rCorr   .            P - +0 pair of gloves of the Manifest Ordeal {Elem, Comp} (curse)
SInv    +            X - +0 pair of boots "Shattered Together" {Comp, Bglg} (curse)
Will    +....        n - amulet of Ashenzari's Inaction {Reflect SH+5, Elem, Cun} (curse)
Stlth   +++          l - ring "Share My Yoke" {Slay+4, Alch, Elem} (curse)
HPRegen 0.49/turn    Z - ring of protection from cold
MPRegen 0.25/turn

%: reflection, clarity
@: very slightly contaminated, hasted, very quick
A: AC +15, amphibious, unfitting armour, cold-blooded
}: 2/15 runes: barnacled, gossamer
a: Renounce Religion, Shatter the Chains


You were on level 2 of the Vaults.
You worshipped Ashenzari.
Ashenzari was most pleased with you.
You visited 7 branches of the dungeon, and saw 33 of its levels.

You collected 3354 gold pieces.
You spent 1029 gold pieces at shops.

Inventory:

Hand Weapons
 b - the +0 short sword of Quantum Leap {spect, Will+ Str+3 Dex+3}
   (You found it on level 14 of the Dungeon)

   Str+3:     It affects your strength (+3).
   Dex+3:     It affects your dexterity (+3).
   Will+:     It increases your willpower.
 C - the +1 long sword of Integrity {flame, rF+ rN+}
   (You found it on level 3 of the Spider Nest)

   rF+:       It protects you from fire.
   rN+:       It protects you from negative energy.
Missiles
 c - 33 poisoned darts
 f - 3 curare-tipped darts
 h - 6 throwing nets
 u - 12 silver javelins
 y - 7 javelins
 A - 73 boomerangs (quivered)
 L - 6 darts of dispersal
Armour
 o - the cursed +1 cloak of the Tethered Regret (worn) {Dev, Bglg}

   It has a curse which improves the following skills: Devices: Evocations and
   Shapeshifting.
   Beguiling: Conjurations, Hexes and Translocations.
 x - a +0 kite shield of reflection (worn)
 P - the cursed +0 pair of gloves of the Manifest Ordeal (worn) {Elem, Comp}
   (You found it on level 3 of the Lair of Beasts)

   It has a curse which improves the following skills: Elements: Fire Magic, Ice
   Magic, Air Magic and Earth Magic.
   Companions: Summonings and Necromancy.
 W - a +2 pair of gloves
 X - the cursed +0 pair of boots "Shattered Together" (worn) {Comp, Bglg}
   (You found it on level 11 of the Dungeon)

   It has a curse which improves the following skills: Companions: Summonings
   and Necromancy.
   Beguiling: Conjurations, Hexes and Translocations.
Magical Staves
 a - a staff of earth (weapon)
Jewellery
 d - a +6 ring of intelligence
 i - a ring of magical power
 l - the cursed ring "Share My Yoke" (left hand) {Slay+4, Alch, Elem}
   (You found it on level 1 of the Lair of Beasts)

   [ring of slaying]

   Slay+4:    It affects your accuracy & damage with ranged weapons and melee
   (+4).
   It has a curse which improves the following skills: Alchemy: Poison Magic and
   Transmutations.
   Elements:  Fire Magic, Ice Magic, Air Magic and Earth Magic.
 n - the cursed amulet of Ashenzari's Inaction (around neck) {Reflect SH+5, Elem, Cun}
   (You found it on level 15 of the Dungeon)

   [amulet of reflection]

   Reflect:   It reflects blocked missile attacks.
   SH+5:      It affects your SH (+5).
   It has a curse which improves the following skills: Elements: Fire Magic, Ice
   Magic, Air Magic and Earth Magic.
   Cunning:   Dodging and Stealth.
 w - a +4 ring of protection
 I - the ring "Munub" {rElec EV+5}
   (You acquired it on level 2 of the Lair of Beasts)

   [ring of evasion]

   EV+5:      It affects your evasion (+5).
   rElec:     It insulates you from electricity.
 O - the necklace of Bloodlust {Fury *Rage Will++ Int-3 Slay+6}
   (You found it on level 1 of the Shoals)

   [amulet of nothing]

   Fury:      It extends the wearer's berserk rage when killing foes.
   Int-3:     It affects your intelligence (-3).
   Slay+6:    It affects your accuracy & damage with ranged weapons and melee
   (+6).
   Will++:    It greatly increases your willpower.
   *Rage:     It berserks you when you make melee attacks (+50% chance).
 T - the ring of Optimism {rPois rN+ Dex+2}
   (You took it off a merfolk on level 2 of the Shoals)

   [ring of positive energy]

   Dex+2:     It affects your dexterity (+2).
   rPois:     It protects you from poison rN+: It protects you from negative
   energy.
 Z - a ring of protection from cold (right hand)
Wands
 e - a wand of charming (10)
 j - a wand of polymorph (16)
 q - a wand of flame (12)
 R - a wand of roots (16)
Scrolls
 g - 6 scrolls of enchant weapon
 k - 6 scrolls of poison
 p - 4 scrolls of enchant armour
 r - 5 scrolls of amnesia
 s - 2 scrolls of brand weapon
 z - 4 scrolls of revelation
 D - 2 scrolls of blinking
 E - a scroll of fear
 F - 9 scrolls of fog
 K - 5 scrolls of immolation
 S - a scroll of summoning
 V - 2 scrolls of vulnerability
 Y - 3 scrolls of teleportation {@r3}
Potions
 v - 3 potions of enlightenment
 B - 3 potions of brilliance
 G - 7 potions of ambrosia
 H - 2 potions of haste
 J - 4 potions of curing {@q1}
 M - 2 potions of might
 N - a potion of heal wounds {@q2}
 U - 5 potions of mutation
Miscellaneous
 m - a phantom mirror


   Skills:
 - Level 14.2 Fighting
 - Level 13.6(15.0) Short Blades
 - Level 10.2(13.3) Long Blades
 - Level 2.0 Throwing
 - Level 0.8(1.6) Dodging
 - Level 4.4(5.8) Stealth
 - Level 7.4 Shields
 - Level 12.2 Spellcasting
 - Level 14.3(16.5) Conjurations
 + Level 13.9(16.0) Summonings
 - Level 6.7(9.0) Translocations
 - Level 3.6(5.0) Transmutations
 - Level 18.6(21.3) Earth Magic


You had 13 spell levels left.
You knew the following spells:

 Your Spells              Type           Power      Damage    Failure   Level
a - Blink                 Tloc           82%        N/A       1%          2
b - Passage of Golubria   Tloc           41%        N/A       4%          4
c - Lee's Rapid Deconstr  Erth           45%        3d22*     1%          5
d - Iskenderun's Mystic   Conj/Tloc      52%        2d11      1%          4
e - Petrify               Tmut/Erth      70%        N/A       1%          4
f - Bombard               Conj/Erth      42%        9d7       1%          6
g - Borgnjor's Vile Clut  Necr/Erth      31%        N/A       5%          5

Your spell library contained the following spells:

 Spells                   Type           Power      Damage    Failure   Level
 Magic Dart               Conj           100%       1d8       1%          1
 Call Imp                 Summ           100%       N/A       1%          2
 Passwall                 Tmut/Erth      58%        N/A       1%          2
 Call Canine Familiar     Summ           60%        N/A       1%          3
 Dazzling Flash           Conj/Hex       76%        N/A       1%          3
 Hailstorm                Conj/Ice       39%        3d9       1%          3
 Summon Guardian Golem    Hex/Summ       38%        N/A       1%          3
 Brom's Barrelling Bould  Conj/Erth      84%        2d10      1%          4
 Leda's Liquefaction      Hex/Erth       31%        N/A       1%          4
 Iskenderun's Battlesphe  Conj           61%        2d11      1%          5
 Summon Forest            Summ/Tloc      26%        N/A       2%          5
 Wereblood                Tmut           27%        N/A       3%          2
 Summon Cactus Giant      Summ           30%        N/A       3%          6
 Mephitic Cloud           Conj/Pois/Air  29%        N/A       4%          3
 Manifold Assault         Tloc           41%        N/A       4%          4
 Flame Wave               Conj/Fire      39%        2d11      5%          4
 Fulminant Prism          Conj/Hex       19%        3d10      5%          4
 Sting                    Tmut/Pois      76%        1d6       6%          1
 Summon Ice Beast         Ice/Summ       38%        N/A       6%          4
 Summon Lightning Spire   Summ/Air       38%        N/A       6%          4
 Irradiate                Conj/Tmut      23%        3d19      6%          5
 Volatile Blastmotes      Fire/Tloc      52%        2d14      8%          3
 Arcjolt                  Conj/Air       19%        1d29      14%         5
 Fireball                 Conj/Fire      19%        3d9       14%         5
 Necrotise                Necr           44%        1d6       16%         1
 Orb of Destruction       Conj           30%        9d10      17%         7
 Spellforged Servitor     Conj/Summ      30%        N/A       19%         7
 Ensorcelled Hibernation  Hex/Ice        22%        N/A       22%         2
 Jinxbite                 Hex            22%        N/A       22%         2
 Scorch                   Fire           22%        2d5       22%         2
 Ignite Poison            Fire/Tmut/Pois 16%        N/A       24%         3
 Vhi's Electric Charge    Tloc/Air       52%        N/A       24%         4
 Dimensional Bullseye     Hex/Tloc       13%        N/A       26%         4
 Frozen Ramparts          Ice            22%        1d4       41%         3
 Ozocubu's Armour         Ice            11%        N/A       41%         3
 Sigil of Binding         Hex            11%        N/A       41%         3
 Swiftness                Air            11%        N/A       41%         3
 Vampiric Draining        Necr           11%        2d6       41%         3
 Lehudib's Crystal Spear  Conj/Erth      42%        10d10     43%         8
 Dispersal                Tloc           20%        N/A       54%         6
 Conjure Ball Lightning   Conj/Air       19%        3x3d6     63%         6
 Anguish                  Hex/Necr       5%         N/A       83%         4
 Animate Dead             Necr           11%        N/A       83%         4
 Alistair's Intoxication  Tmut/Pois      12%        N/A       86%         5
 Shatter                  Erth           45%        3d35*     95%         9
 Agony                    Necr           11%        N/A       99%         5
 Metabolic Englaciation   Hex/Ice        5%         N/A       99%         5
 Silence                  Hex/Air        5%         N/A       99%         5
 Haunt                    Necr/Summ      19%        N/A       99%         7
 Death Channel            Necr           5%         N/A       100%        6
 Simulacrum               Ice/Necr       5%         N/A       100%        6
 Ozocubu's Refrigeration  Ice            5%         4d8       100%        7
 Borgnjor's Revivificati  Necr           5%         N/A       100%        8
 Maxwell's Capacitive Co  Air            5%         ∞         100%        8
 Chain Lightning          Conj/Air       19%        3d26      100%        9
 Fire Storm               Conj/Fire      19%        8d5       100%        9
 Animate Armour           Summ/Erth      Unusable   N/A       N/A         4

Dungeon Overview and Level Annotations

Branches:
Dungeon (15/15)            Temple (1/1) D:6            Lair (5/5) D:9
 Shoals (4/4) Lair:3       Spider (4/4) Lair:3        Slime (0/5) Lair:5
    Orc (2/2) D:12            Elf (0/3) Orc:2        Vaults (2/5) D:13
  Crypt (0/3) Vaults:2     Depths (0/4) D:15

Altars:
Ashenzari
Cheibriados
Dithmenos
Elyvilon
Fedhas
Gozag
Hepliaklqana
Kikubaaqudgha
Makhleb
Nemelex Xobeh
Okawaru
Qazlal
Ru
Sif Muna
Trog
Uskayaw
Vehumet
Wu Jian
Xom
Yredelemnul
Zin
The Shining One
Jiyva

Shops:
D:1 *   D:8 *   D:9 *   Orc:1 ?   Orc:2 :*:(   Shoals:2 (

Annotations:
D:3 exclusion: downstairs
D:4 exclusion: black bear
D:5 exclusion: downstairs
D:7 exclusions: hornet and killer bee
D:8 exclusion: downstairs
Shoals:2 exclusions: downstairs and water nymph
Spider:3 3 runed translucent doors, Kys Gask's ghost, adept HOFi; Plog's ghost, adept MfMo
Orc:1 1 transporter, Bemy's ghost, journeyman TrFi
Vaults:2 Margery


Innate Abilities, Weirdness & Mutations

Your dull iron-grey scales are very hard. (AC +15)
You are amphibious.
You cannot fit into any form of body armour.
You are cold-blooded and may be slowed by cold attacks.


Message History

Aiming: Bombard (mildly dangerous; 1% risk of failure)
Press: ? - help, Shift-Dir - straight line, f/p - Margery
Aim: Margery, wielding a +3 demon trident of flaming and wearing +0 shadow dragon scales (severely wounded, 81% to hit)
The iron shot hits Margery!!
Margery is almost dead.
Margery gestures at you while chanting. The bolt of fire hits you!! You resist.
* * * LOW HITPOINT WARNING * * *
Casting: Bombard (mildly dangerous; 1% risk of failure)
Confirm with . or Enter, or press ? or * to list all spells.
You don't have enough magic to cast this spell.
Unknown command.
You feel yourself speed up. Margery gestures at you while chanting.
The fireball explodes!
The fireball engulfs you!! You resist.
* * * LOW HITPOINT WARNING * * *
The hell knight utters an invocation to its god.
The hell knight blinks!
Margery hits you with a +3 demon trident of flaming!
* * * LOW HITPOINT WARNING * * *
Margery burns you.
* * * LOW HITPOINT WARNING * * *
You hit Margery. You burn Margery.
Margery is almost dead.
The hell knight mumbles some strange prayers to its god.
The hell knight blinks!
You hit Margery but do no damage.
Margery is almost dead.
The hell knight invokes the aid of its god against you.
The bolt of fire hits you! You resist.
* * * LOW HITPOINT WARNING * * *
Margery hits you but does no damage.
The +1 long sword of Integrity {flame, rF+ rN+} stops flaming.
a - a staff of earth (weapon)
You hit Margery but do no damage.
You tail-slap Margery, but do no damage.
Margery is almost dead.
Margery gestures at you while chanting. The bolt of fire hits you!!!!
You die...

#.........#..##...##..#
#......
#.........#.#.#...#.#.#
#......
#.........##.#.#####.##
#......
#.....[...#.#.#.#.#.#.#
#......
############.#.#.#.#.##
#'####+ *********
#.#.#...#.#.# #......
*,,,,,,,* #######'######
#...... *,,,,,,,* #.......#
#...... *,,,,,,,* #@##.{..#
#..)... *,,,,,,,* #@p....##
#......
*,,,,,p.########.......##
#......
*,,,,,..#..........#....#
####### ..#.#...........#.#
#..# #....#..........# #..#
..#.@#....#.......# #..#
@.'.....#.........#####..#
..##.......########......##


You could see Margery and a hell knight (fast).

Vanquished Creatures
  Bai Suzhen (Spider:3)
  Nikola (Lair:3)
  Arachne (Spider:3)
  Mlioglotl (Spider:2)
  A titan (Shoals:4)
  A sphinx (D:13)
  Frances (Lair:3)
  Ilsuiw (Shoals:2)
  Aizul (Shoals:3)
  Donald (Spider:2)
  5 vault wardens
  5 ghost moths
  7 emperor scorpions
  An orc warlord (Orc:2)
  6 ironbound preservers (Vaults:1)
  A ghoul (Vaults:2)
  A stone giant (D:15)
  9 broodmothers
  A war gargoyle (Vaults:2)
  An ironbound thunderhulk (Vaults:1)
  3 dire elephants (Vaults:1)
  2 spark wasps
  10 merfolk impalers
  7 merfolk javelineers
  A deep elf high priest (Vaults:1)
  An entropy weaver (Spider:2)
  Josephine (Shoals:1)
  2 yaktaur captains
  5 great orbs of eyes
  2 vault guards
  8 hydras
  A jorogumo (Spider:4)
  6 merfolk avatars
  An ice dragon (D:13)
  4 catoblepae
  4 radroaches
  2 ironbound frosthearts
  An alligator snapping turtle (Shoals:4)
  5 boulder beetles
  4 centaur warriors
  10 death yaks
  8 two-headed ogres
  2 tengu warriors (D:15)
  4 merfolk aquamancers
  7 demonic crawlers
  A vampire mage (Vaults:2)
  4 satyrs
  5 orc high priests (Orc:2)
  2 hell knights (Vaults:2)
  3 skeletal warriors
  4 skysharks
  7 pharaoh ants
  A sun moth (Spider:4)
  19 deep trolls (Vaults:1)
  12 sea snakes
  10 orb spiders
  3 lindwurms (Vaults:1)
  2 deep elf pyromancers
  3 arcanists
  8 steelbarb worms
  A phantasmal warrior (D:13)
  2 orc sorcerers (Orc:2)
  7 ironbound convokers
  Pikel (D:4)
  3 necromancers
  20 wolf spiders
  5 fauns
  9 orc knights
  20 harpies
  22 ugly things
  5 cyclopes
  6 merfolk sirens
  18 manticores
  6 moths of wrath
  4 vault sentinels
  7 elephants
  6 water nymphs
  6 black mambas
  A black mamba (shapeshifter) (D:9)
  2 torpor snails
  A yaktaur zombie (Vaults:2)
  2 unseen horrors
  11 cane toads
  An efreet (D:8)
  A kobold demonologist (D:9)
  A yaktaur (shapeshifter) (D:15)
  8 yaktaurs
  2 rime drakes
  2 freezing wraiths
  6 komodo dragons
  4 tengu conjurers
  3 polar bears
  4 trolls
  39 merfolk
  3 meliai
  A meliai (shapeshifter) (D:13)
  3 hornets
  8 wind drakes
  34 tarantellas
  3 snapping turtles
  13 blink frogs
  7 dream sheep (Shoals:4)
  2 air elementals (Shoals:4)
  25 slime creatures
  31 jumping spiders
  A ynoxinul (D:8)
  24 water elementals
  25 culicivoras
  5 wyverns
  7 wraiths
  2 basilisks
  63 yaks
  Grum (D:8)
  57 redbacks
  3 steam dragons (D:8)
  13 vampire mosquitoes
  A human simulacrum (Vaults:2)
  5 wargs
  2 acid dragons
  21 water moccasins
  An ogre skeleton (Vaults:2)
  2 black bears (D:5)
  40 orc warriors
  A sky beast (D:6)
  14 wolves
  6 ogres
  A phantom (D:5)
  21 centaurs
  2 kobold brigands
  4 lemures
  16 bullfrogs
  2 gnoll sergeants
  3 scorpions
  A human skeleton (Vaults:2)
  5 wights
  8 killer bees
  An electric eel (D:12)
  3 howler monkeys
  5 jellies
  2 gnoll boudas
  35 orc priests
  5 hounds
  2 sleepcaps (D:5)
  Ijyb (D:5)
  2 iguanas (D:7)
  28 orc wizards
  7 gnolls
  10 adders
  A shadow imp (D:6)
  A white imp (D:7)
  4 ufetubi
  2 worms (D:2)
  3 dart slugs
  92 orcs
  4 bats (D:1)
  11 endoplasms
  2 giant cockroaches (D:4)
  6 goblins
  11 hobgoblins
  4 jackals (D:5)
  5 kobolds
  4 quokkas
  3 training dummies (Shoals:2)
  5 ball pythons
  3 frilled lizards
  5 rats
1222 creatures vanquished.

Vanquished Creatures (collateral kills)
  4 deep trolls (Vaults:2)
  An ironbound convoker (Vaults:2)
  A black mamba (Lair:2)
  A yak (Lair:2)
7 creatures vanquished.

Vanquished Creatures (others)
  2 yaks (D:9)
  4 spectral weapons
6 creatures vanquished.

Grand Total: 1235 creatures vanquished

Notes
Turn   | Place    | Note
-------+----------+-------------------------------------------
     0 | D:1      | ang3lsp1der the Draconian Brigand began the quest for the
                  | Orb.
     0 | D:1      | Reached XP level 1. HP: 17/17 MP: 1/1
   177 | D:1      | Reached XP level 2. HP: 13/24 MP: 2/2
   520 | D:1      | Found Usses's Assorted Antiques.
   734 | D:1      | Reached XP level 3. HP: 31/31 MP: 3/3
  1972 | D:3      | Reached XP level 4. HP: 38/38 MP: 4/4
  2004 | D:3      | Found a snail-covered altar of Cheibriados.
  2439 | D:3      | Found a sparkling altar of Nemelex Xobeh.
  2638 | D:4      | Noticed Pikel
  2638 | D:4      | Noticed a lemure
  2638 | D:4      | Noticed a lemure
  2638 | D:4      | Noticed a lemure
  2638 | D:4      | Noticed a lemure
  2892 | D:4      | Noticed an orc warrior
  3053 | D:4      | Killed an orc warrior
  3054 | D:4      | Reached XP level 5. HP: 47/47 MP: 5/5
  3303 | D:4      | Reached skill level 5 in Fighting
  3303 | D:4      | Reached XP level 6. HP: 51/56 MP: 6/6
  3351 | D:4      | Found a glowing silver altar of Zin.
  3942 | D:4      | Killed Pikel
  3943 | D:4      | Your scales start taking on a dull iron-grey colour.
  3943 | D:4      | Reached XP level 7. HP: 69/69 MP: 7/7
  4114 | D:4      | Found a hide-covered altar of Uskayaw.
  4114 | D:4      | Found a basalt altar of Yredelemnul.
  4120 | D:4      | Found a burning altar of Makhleb.
  4122 | D:4      | Found an ancient bone altar of Kikubaaqudgha.
  4135 | D:4      | Found a sacrificial altar of Ru.
  4520 | D:5      | Entered Level 5 of the Dungeon
  4673 | D:5      | Noticed Ijyb
  4704 | D:5      | Killed Ijyb
  4705 | D:5      | Reached XP level 8. HP: 41/78 MP: 8/8
  5495 | D:5      | Reached skill level 5 in Short Blades
  5797 | D:5      | Found an opulent altar of Gozag.
  6161 | D:6      | Found a staircase to the Ecumenical Temple.
  6189 | Temple   | Entered the Ecumenical Temple
  6198 | Temple   | Became a worshipper of Ashenzari the Shackled
  6356 | D:6      | Reached skill level 1 in Shields
  6646 | D:6      | Reached XP level 9. HP: 67/80 MP: 9/9
  7669 | D:7      | Found a stormy altar of Qazlal.
  8391 | D:8      | Found Beept's Assorted Antiques.
  8586 | D:8      | Reached skill level 10 in Short Blades
  8876 | D:8      | Reached skill level 5 in Shields
  8925 | D:8      | Noticed Grum
  8946 | D:8      | Killed Grum
  8986 | D:8      | Reached XP level 10. HP: 79/91 MP: 10/10
  9394 | D:8      | Reached skill level 10 in Fighting
 10059 | D:9      | Noticed an eight-headed hydra
 10158 | D:9      | Noticed a black mamba
 10182 | D:9      | Killed a black mamba
 10231 | D:9      | Noticed a skeletal warrior
 10349 | D:10     | Entered Level 10 of the Dungeon
 10369 | D:10     | Found a blossoming altar of Fedhas.
 10590 | D:10     | Noticed a two-headed ogre
 10598 | D:10     | Noticed a two-headed ogre
 12369 | D:9      | Found a radiant altar of Vehumet.
 12370 | D:9      | Found a bloodstained altar of Trog.
 12380 | D:8      | Upgraded the game from 0.31-a0-968-g24f9ace8b5 to
                  | 0.31-a0-971-g75a2e9a4b4
 12485 | D:8      | Reached skill level 1 in Long Blades
 12921 | D:8      | Reached XP level 11. HP: 107/107 MP: 11/11
 13047 | D:9      | Found a staircase to the Lair.
 13050 | D:9      | Noticed a two-headed ogre
 13155 | D:8      | Reached * piety under Ashenzari
 13322 | D:9      | Noticed a two-headed ogre
 13795 | D:9      | Killed a two-headed ogre
 13796 | D:9      | Reached skill level 1 in Translocations
 14524 | D:9      | Killed a two-headed ogre
 14916 | D:9      | Found Pyigeuj's Elemental Accessories.
 14928 | D:9      | Noticed a two-headed ogre
 14947 | D:9      | Killed a two-headed ogre
 14948 | D:9      | Reached skill level 5 in Long Blades
 14980 | D:13     | Identified the "Tonerrod"
 14980 | D:14     | Identified the of Leeqa Fap
 14980 | Lair:1   | Entered Level 1 of the Lair of Beasts
 15468 | Lair:1   | Identified the +5 ring mail of Xom's Envy {rF- Str+9 Int+4}
 15956 | Lair:1   | Reached skill level 1 in Spellcasting
 16464 | D:11     | Reached ** piety under Ashenzari
 16505 | D:9      | Learned a level 2 spell: Blink
 16777 | Lair:1   | Reached XP level 12. HP: 115/115 MP: 16/18
 17590 | Lair:2   | Reached *** piety under Ashenzari
 17811 | D:1      | Bought a diamond ring for 130 gold pieces
 17811 | D:1      | Bought a yellow potion for 23 gold pieces
 18034 | Lair:2   | Identified a scroll of acquirement
 18160 | Lair:2   | Acquired the ring "Munub" {rElec EV+5}
 18804 | Lair:2   | Reached skill level 10 in Long Blades
 19224 | Lair:3   | Reached skill level 5 in Translocations
 19468 | Lair:3   | Reached skill level 1 in Earth Magic
 19499 | Lair:3   | Reached skill level 2 in Earth Magic
 19614 | Lair:3   | Reached skill level 3 in Earth Magic
 19651 | Lair:3   | Found a hole to the Spider Nest.
 19913 | Lair:3   | Learned a level 4 spell: Passage of Golubria
 20061 | Lair:3   | Found a staircase to the Shoals.
 20072 | Lair:3   | Reached skill level 4 in Earth Magic
 20121 | Lair:3   | Reached skill level 5 in Earth Magic
 20335 | Lair:4   | Noticed a death yak
 20368 | Lair:4   | Killed a death yak
 20537 | Lair:4   | Reached XP level 13. HP: 125/125 MP: 22/22
 20584 | Lair:4   | Identified the +10 war axe of Courage {heavy, *Corrode
                  | rPois Stlth+}
 20652 | Lair:4   | Reached skill level 6 in Earth Magic
 20832 | Lair:4   | Reached skill level 7 in Earth Magic
 20901 | Lair:4   | Learned a level 5 spell: Lee's Rapid Deconstruction
 21221 | Lair:4   | Reached skill level 8 in Earth Magic
 21279 | Lair:5   | Entered Level 5 of the Lair of Beasts
 21546 | Lair:5   | Found a snail-covered altar of Cheibriados.
 21621 | Lair:5   | Reached skill level 9 in Earth Magic
 21802 | Lair:5   | Found a viscous altar of Jiyva.
 21803 | Lair:5   | Found a staircase to the Slime Pits.
 22431 | Lair:5   | Reached skill level 10 in Earth Magic
 22820 | Lair:5   | Identified the +12 war axe of the Median {holy, rElec Str+2
                  | Dex-4 Stlth+}
 23056 | Lair:5   | Reached skill level 11 in Earth Magic
 23310 | Lair:4   | Reached skill level 12 in Earth Magic
 24057 | Lair:5   | Reached skill level 13 in Earth Magic
 24381 | Lair:5   | Reached skill level 1 in Conjurations
 24542 | Lair:5   | Reached XP level 14. HP: 107/133 MP: 5/23
 24979 | Lair:5   | Reached skill level 5 in Spellcasting
 27008 | D:11     | Reached skill level 14 in Earth Magic
 27451 | D:11     | Reached **** piety under Ashenzari
 28571 | D:12     | Reached skill level 15 in Earth Magic
 29115 | D:12     | Found a staircase to the Orcish Mines.
 29341 | D:13     | Noticed a storm dragon
 29623 | D:13     | HP: 4/133 [disintegration (24)]
 29966 | Orc:1    | Entered Level 1 of the Orcish Mines
 30127 | D:12     | Reached skill level 5 in Conjurations
 30600 | Orc:1    | Found a transporter.
 30602 | Orc:1    | Found the dreamshard necklace {Acrobat *Dream}
 30604 | Orc:1    | Noticed Bemy's ghost (journeyman TrFi)
 30608 | Orc:1    | Identified the +1 great mace "Xaegre" {flame, rElec rPois
                  | Str+3 Int+4}
 30608 | Orc:1    | Identified the +8 great mace "Toyp" {flame, rElec rCorr}
 30789 | Orc:2    | Entered Level 2 of the Orcish Mines
 30823 | Orc:1    | Learned a level 4 spell: Iskenderun's Mystic Blast
 31026 | Orc:2    | Found a staircase to the Elven Halls.
 34204 | Orc:2    | Found Araclod's Antique Weapon Boutique.
 34207 | Orc:2    | Found Anupne's Assorted Antiques.
 34208 | Orc:2    | Found Wibiux's Book Boutique.
 34209 | Orc:2    | Found Amupluq's Book Boutique.
 34370 | Orc:1    | Noticed an orc warlord
 34986 | Orc:2    | Killed an orc warlord
 35255 | Orc:1    | Found Suasi's Magic Scroll Emporium.
 35587 | D:13     | Reached XP level 15. HP: 141/141 MP: 14/27
 38638 | D:13     | Reached skill level 10 in Conjurations
 39178 | D:14     | Found a sacrificial altar of Ru.
 40037 | D:14     | Identified the +0 short sword of Quantum Leap {spect, Will+
                  | Str+3 Dex+3}
 40066 | D:14     | Found a shimmering blue altar of Sif Muna.
 40443 | D:15     | Entered Level 15 of the Dungeon
 40443 | D:15     | Identified the +1 robe of Wu Jian's Pride {Int+3}
 42204 | D:15     | Found a staircase to the Depths.
 42466 | Shoals:1 | Identified the "Ralu"
 42466 | Shoals:1 | Entered Level 1 of the Shoals
 42474 | Shoals:1 | Noticed Frances
 42843 | Orc:2    | Bought a book of Sloth for 330 gold pieces
 42848 | Orc:2    | Learned a level 4 spell: Petrify
 43324 | Spider:1 | Entered Level 1 of the Spider Nest
 43602 | Lair:3   | Reached skill level 1 in Transmutations
 47440 | Spider:2 | Reached skill level 16 in Earth Magic
 47658 | Spider:1 | Reached XP level 16. HP: 110/147 MP: 2/30
 48178 | Spider:2 | Identified the +2 ring mail of the Saviour {rF+ rC- Will+}
 48612 | Spider:2 | Noticed Donald
 48715 | Spider:2 | Killed Donald
 49161 | Spider:2 | Noticed Mlioglotl
 50833 | Lair:3   | Killed Frances
 50956 | Shoals:1 | Reached skill level 17 in Earth Magic
 51302 | Shoals:1 | Noticed Nikola
 51544 | Lair:3   | Killed Nikola
 51940 | Shoals:1 | Upgraded the game from 0.31-a0-971-g75a2e9a4b4 to
                  | 0.31-a0-977-gc230f8ef24
 52379 | Shoals:1 | Found the necklace of Bloodlust {Fury *Rage Will++ Int-3
                  | Slay+6}
 52774 | Shoals:1 | Noticed Josephine
 52788 | Shoals:1 | Killed Josephine
 53861 | Shoals:2 | Identified the ring of Optimism {rPois rN+ Dex+2}
 54726 | Shoals:2 | Noticed Ilsuiw
 55315 | Shoals:2 | Killed Ilsuiw
 55440 | Shoals:2 | Found Zigatz Fousch's Firing Range.
 55493 | Shoals:2 | You fall into a shaft and drop 1 floor!
 56865 | Shoals:2 | Identified the +0 leather armour of Maotrept {rC+ rN+++
                  | Will- Stlth+}
 57059 | Shoals:2 | Reached skill level 10 in Spellcasting
 58249 | Orc:2    | Bought a book of Power for 546 gold pieces
 58256 | Orc:2    | Learned a level 6 spell: Bombard
 60968 | Shoals:3 | Reached XP level 17. HP: 79/156 MP: 6/33
 61685 | Shoals:4 | Identified the "Weob"
 61685 | Shoals:4 | Entered Level 4 of the Shoals
 61685 | Shoals:4 | Identified the serpent talisman of Usyl {rC+ Str+4 Stlth+}
 61685 | Shoals:4 | Noticed Aizul
 61707 | Shoals:3 | Killed Aizul
 61708 | Shoals:3 | Reached skill level 18 in Earth Magic
 62851 | Shoals:4 | Paralysed by an air elemental for 1 turns
 64025 | Shoals:4 | Upgraded the game from 0.31-a0-977-gc230f8ef24 to
                  | 0.31-a0-978-g1e143483b6
 64377 | Shoals:4 | Found a stormy altar of Qazlal.
 65565 | Shoals:4 | Paralysed by an air elemental for 1 turns
 66564 | Shoals:4 | Noticed a titan
 66588 | Shoals:4 | Killed a titan
 66848 | Shoals:4 | Got a barnacled rune of Zot
 67465 | D:13     | Found a gate to the Vaults.
 67473 | Vaults:1 | Entered Level 1 of the Vaults
 68171 | Spider:2 | Killed Mlioglotl
 68572 | Spider:3 | Identified the +1 long sword of Integrity {flame, rF+ rN+}
 68583 | Spider:3 | Noticed Bai Suzhen
 69947 | Spider:3 | Found a hide-covered altar of Uskayaw.
 70116 | Spider:3 | Noticed Arachne
 70132 | Spider:3 | Killed Arachne
 70633 | Spider:3 | Found a runed translucent gate.
 70633 | Spider:3 | Found a runed translucent gate.
 70635 | Spider:3 | Found a runed translucent gate.
 70768 | Spider:3 | Reached XP level 18. HP: 166/166 MP: 17/35
 71439 | Spider:3 | Noticed Kys Gask's ghost (adept HOFi)
 71439 | Spider:3 | Noticed Plog's ghost (adept MfMo)
 71547 | Spider:4 | Entered Level 4 of the Spider Nest
 71737 | Spider:4 | Reached skill level 5 in Summonings
 75857 | Spider:4 | Identified the +0 pair of gloves "Yhestec" {rElec Int-5
                  | Slay+3}
 75888 | Spider:4 | Reached XP level 19. HP: 172/172 MP: 37/37
 75892 | Spider:4 | Got a gossamer rune of Zot
 76409 | Vaults:1 | Reached skill level 10 in Summonings
 77731 | D:13     | Identified the cursed +1 cloak of the Tethered Regret {Dev,
                  | Bglg}
 77731 | D:13     | Identified the cursed +0 pair of gloves of the Manifest
                  | Ordeal {Elem, Comp} (You found it on level 3 of the Lair of
                  | Beasts)
 77731 | D:13     | Identified the cursed +0 pair of boots "Shattered Together"
                  | {Comp, Bglg} (You found it on level 11 of the Dungeon)
 77731 | D:13     | Identified the cursed +0 kite shield "Share My Scepticism"
                  | {Cun, Self} (You found it on level 4 of the Dungeon)
 77731 | D:13     | Identified the cursed ring "Share My Yoke" {Slay+4, Alch,
                  | Elem} (You found it on level 1 of the Lair of Beasts)
 79567 | Vaults:1 | Identified the +0 helmet "Soesevor" {rN+}
 80119 | Vaults:1 | Learned a level 5 spell: Borgnjor's Vile Clutch
 80267 | Vaults:1 | Reached XP level 20. HP: 152/180 MP: 1/38
 81573 | Vaults:2 | Upgraded the game from 0.31-a0-978-g1e143483b6 to
                  | 0.31-a0-981-geadf994542
 81767 | Vaults:2 | Noticed Margery
 82683 | Spider:3 | Killed Bai Suzhen
 83703 | Vaults:2 | Found a staircase to the Crypt.
 85116 | Vaults:2 | Killed from afar by Margery

Illustrated notes

Levels and vault maps discovered:
D:1:      scummos_arrival_simple_fountains, layout_loops_corners, serial_shops,
          shop, minivault_19, nrook_uturn, grunt_decor_fettered,
          minmay_indecisive_spiral
D:2:      layout_rooms
D:3:      layout_loops_cross, mainiacjoe_overflow_tiny_flanked,
          mainiacjoe_overflow_small_starburst, corner_web_ring
D:4:      minmay_evil_eye, layout_basic, chequers_temple_overflow_minitemple,
          marbit_many_paths, serial_aquarium, aquarium_bridge_square
          [aquarium_subvault_bridge, aquarium_subvault_bridge,
          aquarium_subvault_balcony, aquarium_subvault_wall], aquarium_window_2,
          aquarium_window_2, aquarium_view_2c, aquarium_view_2b,
          amcnicky_mini_pool_small, uniq_pikel
D:5:      layout_basic, kennysheep_little_box, uniq_ijyb
D:6:      layout_basic, minmay_temple_entry_tees, minmay_misc_feat_doors
D:7:      layout_loops_ring, overflow_temple_1_default,
          chequers_serial_rivers_large_b
D:8:      layout_loops_ring, serial_shops, nicolae_diamond_shop, uniq_grum
D:9:      minmay_curly_fans, layout_cave_pools, jmf_multi_god_temple,
          erik_lair_orcish_takeover, nicolae_elemental_shop,
          grunt_decor_resistance, kennysheep_kite_vault
D:10:     layout_basic, amcnicky_altar_gilded, bh_walls_and_bars
D:11:     layout_irregular_city
D:12:     layout_roguey, erik_orc_2, grunt_ministairs_9
D:13:     hangedman_cross_veins, layout_basic, david_vaults_4
D:14:     layout_loops_corners, nicolae_ru_path_of_blood, led_sif_book
D:15:     grunt_enter_depths_snipers, layout_rooms,
          portal_ice_cave_entry_pillars_three
Temple:   dpeg_three_leaves_temple
Lair:1:   layout_cave_shapes, grunt_megastairs_3
Lair:2:   layout_cave_pods
Lair:3:   layout_loops_ring, nicolae_shoals_entry_roost, spider_nest_entry_webs,
          grunt_megastairs_1
Lair:4:   layout_misc_corridors, grunt_megastairs_5
Lair:5:   evilmike_catoblepas_cave, layout_long_grid, slime_entry_2,
          basic_altar, infiniplex_staircase_pool
Shoals:1: layout_shoals, uniq_josephine, uniq_frances, uniq_nikola
Shoals:2: layout_shoals, nicolae_shop_firing_range, uniq_ilsuiw
Shoals:3: layout_shoals
Shoals:4: shoals_end_hellmonk_storm_palace [storm_palace_center_ruins,
          storm_palace_corner_altar, storm_palace_corner_reverse_hut,
          storm_palace_corner_grid, storm_palace_corner_blocked], serial_shops,
          uniq_aizul
Spider:1: nicolae_spider_broodchamber, guppyfry_hornet_nest
Spider:2: layout_spider_delve, uniq_mlioglotl, uniq_donald
Spider:3: nicolae_spider_brood_tunnel, gammafunk_ghost_cemetery, drop_trap,
          nicolae_spider_altar_of_dancing, uniq_arachne, uniq_bai_suzhen
Spider:4: grunt_spider_rune_circles
Orc:1:    layout_caves, gammafunk_ghost_smash, serial_shops, shop
Orc:2:    st_orc_pillars, layout_diamond_mine
Vaults:1: hangedman_vaults_nodes, v_misc_2, v_alt_pattern_1,
          nicolae_vaults_weapon_check, vaults_room_grid,
          nicolae_vaults_tetromino_L_1, st_smaller_cells,
          nicolae_vaults_little_squares_1, nicolae_vaults_tetromino_L_1,
          hangedman_vaults_impose, layout_vaults_big_room
Vaults:2: dpeg_vaults_monster_box, minmay_crypt_entry_simple_statues,
          nicolae_vaults_theta, hangedman_vaults_corner_blocks,
          nicolae_vaults_hallways_thing, nicolae_vaults_little_squares_3,
          ontoclasm_vaults_ligature, hangedman_vaults_river_flow, v_pattern_5,
          hangedman_vaults_hat, v_misc_10, nicolae_vaults_two_Ls,
          hangedman_vaults_corner_blocks, layout_vaults_omnigrid, uniq_margery

Skill      XL: |  1  2  3  4  5  6  7  8  9 10 11 12 13 14 15 16 17 18 19 20 |
---------------+-------------------------------------------------------------+-----
Short Blades   | 3 4 6 10 13 | 13.6
Fighting       | 3 4 5 8 9 13 14 | 14.2
Throwing       | 2 |  2.0
Stealth        | 4 |  4.4
Shields        | 4 5 6 7 |  7.4
Long Blades    | 2 7 10 | 10.2
Translocations | 3 6 |  6.7
Spellcasting   | 4 6 8 10 11 12 | 12.2
Earth Magic    | 5 13 15 16 17 18 | 18.6
Conjurations   | 2 9 12 13 14 | 14.3
Transmutations | 3 |  3.6
Summonings     | 3 9 12 13 | 13.9
Dodging        | |  0.8

Action                     |  1- 3 |  4- 6 |  7- 9 | 10-12 | 13-15 | 16-18 | 19-21 || total
---------------------------+-------+-------+-------+-------+-------+-------+-------++-------
  Melee: Dagger            |    97 |   188 |   724 |   551 |       |       |       ||  1560
         Tailslap          |    12 |    34 |   127 |   198 |   224 |   280 |    61 ||   936
         Punch             |     3 |     3 |     9 |     2 |       |       |       ||    17
         Scimitar          |       |       |       |   446 |   991 |   250 |       ||  1687
         Staff             |       |       |       |       |    22 |    11 |     4 ||    37
         Short sword       |       |       |       |       |       |   801 |   210 ||  1011
         Long sword        |       |       |       |       |       |       |     2 ||     2
  Throw: Dart              |     9 |    61 |    43 |    35 |     1 |     1 |     1 ||   151
         Boomerang         |       |       |     2 |    70 |    35 |    33 |     1 ||   141
   Cast: Blink             |       |       |       |     3 |     6 |     6 |     7 ||    22
         Lee's Rapid Decon |       |       |       |       |   385 |   107 |    43 ||   535
         Passage of Golubr |       |       |       |       |    32 |     9 |     3 ||    44
         Iskenderun's Myst |       |       |       |       |    82 |   128 |    12 ||   222
         Petrify           |       |       |       |       |    42 |   352 |    90 ||   484
         Bombard           |       |       |       |       |       |   183 |    86 ||   269
         Borgnjor's Vile C |       |       |       |       |       |       |    20 ||    20
 Invoke: Curse Item        |       |       |       |     5 |     2 |     1 |       ||     8
         Shatter the Chain |       |       |       |       |     2 |       |     1 ||     3
  Evoke: Wand              |       |       |     7 |    16 |     6 |     1 |       ||    30
    Use: Scroll            |     2 |     4 |     1 |    12 |     6 |    10 |     7 ||    42
         Potion            |       |       |     1 |     6 |    10 |    10 |     6 ||    33
   Stab: Sleeping          |     5 |     2 |     3 |     2 |     1 |       |       ||    13
         Distracted        |       |       |     2 |     2 |     1 |    16 |     2 ||    23
         Petrified         |       |       |       |       |    59 |   346 |    87 ||   492
         Petrifying        |       |       |       |       |     5 |    49 |     6 ||    60
 Armour: Skin              |    47 |    91 |   331 |   628 |   774 |   735 |   145 ||  2751
  Dodge: Dodged            |    36 |    67 |   255 |   432 |   442 |   334 |    61 ||  1627
  Block: Kite shield       |       |       |    78 |   296 |   641 |   708 |   112 ||  1835
         Reflection        |       |       |       |       |       |    74 |    15 ||    89

Table legend: (Time is in decaauts)
 A = Elapsed time spent in this place.
 B = Non-inter-level travel time spent in this place.
 C = Inter-level travel time spent in this place.
 D = Time resting spent in this place.
 E = Time spent auto-exploring this place.
 F = Levels seen in this place.
 G = Mean time per level.
                   A        B        C        D        E       F      G
               +--------+--------+--------+--------+--------+-----+--------+
         Total |  84326 |  78007 |   6319 |  37807 |  18692 |  33 | 2555.3 |
       Dungeon |  28154 |  25474 |   2680 |   9198 |   9852 |  15 | 1876.9 |
        Temple |     18 |     18 |      0 |      0 |      0 |   1 |   18.0 |
          Lair |  14594 |  12587 |   2007 |   6291 |   3003 |   5 | 2918.8 |
        Shoals |  14401 |  14149 |    252 |   8580 |   1800 |   4 | 3600.2 |
   Spider Nest |  14020 |  13437 |    583 |   7847 |   1910 |   4 | 3505.0 |
  Orcish Mines |   5495 |   4971 |    524 |   2271 |   1652 |   2 | 2747.5 |
        Vaults |   7640 |   7369 |    271 |   3618 |    475 |   2 | 3820.0 |
               +--------+--------+--------+--------+--------+-----+--------+

Top non-repeatable levels by time:
Vaults:1: 4971 daAuts
  Lair:3: 4532 daAuts
     D:8: 4415 daAuts
Spider:3: 4367 daAuts
   Orc:2: 4334 daAuts
Shoals:3: 4108 daAuts
Shoals:4: 4081 daAuts
Spider:1: 3592 daAuts
    D:13: 3417 daAuts
    D:12: 3255 daAuts
  Lair:5: 3243 daAuts
Spider:2: 3238 daAuts
Shoals:2: 3186 daAuts
Shoals:1: 3025 daAuts
Spider:4: 2821 daAuts
